 Dungeon Crawl Stone Soup version 0.28.0-49-g6dfe1f597d (webtiles) character file.

Game seed: 12596112637596670300

310 Gabide the Poker (level 6, -2/47 HPs)
             Began as a Mummy Monk on May 13, 2022.
             Slain by Blork the orc
             ... wielding a +0 glaive of protection
              (12 damage)
             ... on level 4 of the Dungeon.
             The game lasted 00:03:35 (3030 turns).

Gabide the Poker (Mummy Monk)                       Turns: 3030, Time: 00:03:37

Health: -2/47      AC:  6    Str: 14    XL:     6   Next: 17%
Magic:  6/6        EV: 13    Int: 10    God:
Gold:   73         SH:  0    Dex: 25    Spells: 5/5 levels left

rFire   x . .      SeeInvis .   a - +0 spear
rCold   + + .      Faith    .   (no shield)
rNeg    + + +      Spirit   .   i - +2 leather armour of the Forest {rC+ Dex+3}
rPois   ∞          Reflect  .   (no helmet)
rElec   .          Harm     .   (no cloak)
rCorr   .          Rampage  .   c - +0 pair of gloves
Will    .....                   (no boots)
Stlth   ++........              (no amulet)
HPRegen 0.15/turn               h - +6 ring of dexterity
MPRegen 0.10/turn               k - +4 ring of slaying

@: no status effects
A: cold resistance 1, negative energy resistance 3, torment resistance 2, heat
vulnerability 1, no potions
a: no special abilities


You were on level 4 of the Dungeon.
You visited 1 branch of the dungeon, and saw 4 of its levels.

You collected 115 gold pieces.
You spent 42 gold pieces at shops.

Inventory:

Hand Weapons
 a - a +0 spear (weapon)
Armour
 c - a +0 pair of gloves (worn)
 i - the +2 leather armour of the Forest (worn) {rC+ Dex+3}
   (You took it off an orc on level 3 of the Dungeon)

   Dex:       It affects your dexterity (+3).
   rC:        It protects you from cold.
Jewellery
 h - a +6 ring of dexterity (left hand)
 k - a +4 ring of slaying (right hand)
Scrolls
 b - a scroll of magic mapping {unknown}
 d - a scroll of identify
 e - a scroll of immolation
 f - 2 scrolls of teleportation
 g - a scroll of summoning {unknown}
 j - a scroll of enchant weapon {unknown}


   Skills:
 - Level 3.0 Fighting
 + Level 4.8 Polearms
 - Level 3.0 Armour
 - Level 2.4 Dodging
 - Level 1.5 Stealth


You had 5 spell levels left.
You didn't know any spells.
Your spell library contained the following spells:

 Spells                   Type           Power      Damage    Failure   Level
 Corpse Rot               Necr/Air       0%         N/A       56%         2
 Poisonous Vapours        Pois/Air       0%         N/A       56%         2
 Frozen Ramparts          Ice            0%         1d2       80%         3
 Summon Ice Beast         Ice/Summ       0%         N/A       99%         4
 Ice Form                 Ice/Tmut       Unusable   N/A       N/A         4

Dungeon Overview and Level Annotations

Branches:
Dungeon (4/15)
 Temple: D:4-7

Altars:
Dithmenos
Nemelex Xobeh

Shops:
D:4 *

Annotations:
D:4 Blork the orc


Innate Abilities, Weirdness & Mutations

You are immune to poison.
Your flesh is cold resistant. (rC+)
You are immune to negative energy. (rN+++)
You are immune to unholy pain and torment.
You are vulnerable to heat. (rF-)
You do not drink.


Message History

Blork the orc closely misses you.
Reach: a) +0 spear
Press: ? - help, Dir - move target, f/p - Blork the orc
Aim: Blork the orc, wielding a +0 glaive of protection and wearing a +0 robe (moderately wounded, about 25% to evade your +0 spear)
You reach to attack!
You hit Blork the orc.
Blork the orc is heavily wounded.
Blork the orc begins to cast a cantrip, but forgets the words!
Reach: a) +0 spear
Press: ? - help, Dir - move target, f/p - Blork the orc
Aim: Blork the orc, wielding a +0 glaive of protection and wearing a +0 robe (heavily wounded, about 25% to evade your +0 spear)
You reach to attack!
You hit Blork the orc.
Blork the orc is heavily wounded.
Blork the orc closely misses you.
Reach: a) +0 spear
Press: ? - help, Dir - move target, f/p - Blork the orc
Aim: Blork the orc, wielding a +0 glaive of protection and wearing a +0 robe (heavily wounded, about 25% to evade your +0 spear)
You reach to attack!
You hit Blork the orc.
Blork the orc is severely wounded.
Blork the orc mumbles some strange words.
Blork the orc seems to speed up.
Reach: a) +0 spear
Press: ? - help, Dir - move target, f/p - Blork the orc
Aim: Blork the orc, wielding a +0 glaive of protection and wearing a +0 robe (severely wounded, fast, about 25% to evade your +0 spear)
You reach to attack!
You hit Blork the orc.
Blork the orc is almost dead.
Blork the orc hits you from afar with a +0 glaive of protection.
Reach: a) +0 spear
Press: ? - help, Dir - move target, f/p - Blork the orc
Aim: Blork the orc, wielding a +0 glaive of protection and wearing a +0 robe (almost dead, fast, about 25% to evade your +0 spear)
You reach to attack!
You hit Blork the orc but do no damage.
Blork the orc is almost dead.
Blork the orc hits you from afar with a +0 glaive of protection!
* * * LOW HITPOINT WARNING * * *
Reach: a) +0 spear
Press: ? - help, Dir - move target, f/p - Blork the orc
Aim: Blork the orc, wielding a +0 glaive of protection and wearing a +0 robe (almost dead, fast, about 25% to evade your +0 spear)
You reach to attack!
You hit Blork the orc but do no damage.
Blork the orc is almost dead.
Blork the orc hits you from afar with a +0 glaive of protection!
You die...

.........#......#
.........#......#+###...
#........#..............
.........#..............
#........'..............
###......#..............
..###'####..#'#.........
..#......#..'_+...o.....
..#......#..#+#.@)......
..#......#.....##'###...
..'......#.....# ...
..#......#.....# ...#
..####...#.....# ...#
.....#...#.....# ...#
.....#...#.....# ...#
.....# ..#.....# ...'
.....+ .+.....#


You could see Blork the orc (fast).

Vanquished Creatures
  Sigmund (D:3)
  3 adders
  3 gnolls (D:4)
  4 worms
  3 orcs (D:3)
  9 ball pythons
  4 endoplasms (D:1)
  2 giant cockroaches
  9 goblins
  7 hobgoblins
  4 jackals
  A quokka (D:1)
  7 bats
  3 frilled lizards
  4 kobolds
  8 rats
72 creatures vanquished.

Notes
Turn   | Place    | Note
-------+----------+-------------------------------------------
     0 | D:1      | Gabide the Mummy Monk began the quest for the Orb.
     0 | D:1      | Reached XP level 1. HP: 18/18 MP: 1/1
   588 | D:1      | Reached XP level 2. HP: 24/24 MP: 2/2
   591 | D:1      | Reached skill level 3 in Polearms
  1176 | D:1      | Reached XP level 3. HP: 29/29 MP: 3/3
  1176 | D:1      | Found a faded altar of an unknown god.
  1927 | D:2      | Reached skill level 4 in Polearms
  2321 | D:3      | Identified the +2 leather armour of the Forest {rC+ Dex+3}
  2331 | D:3      | Reached XP level 4. HP: 31/35 MP: 4/4
  2406 | D:3      | Noticed Sigmund
  2431 | D:3      | Killed Sigmund
  2432 | D:3      | Reached XP level 5. HP: 33/41 MP: 5/5
  2858 | D:4      | Found Hoapn's General Store.
  2874 | D:4      | Reached XP level 6. HP: 47/47 MP: 6/6
  2886 | D:4      | Bought a scroll of teleportation for 42 gold pieces
  2997 | D:4      | Found a sparkling altar of Nemelex Xobeh.
  3011 | D:4      | Found a shadowy altar of Dithmenos.
  3017 | D:4      | Noticed Blork the orc
  3030 | D:4      | Slain by Blork the orc

Illustrated notes

Levels and vault maps discovered:
D:1:      minmay_arrival_diagonal_passages, layout_basic,
          shapermc_ecumenical_altar_ellora, hangedman_decor_points,
          minmay_unequal
D:2:      kennysheep_big_flooded_room, layout_basic
D:3:      layout_basic, uniq_sigmund
D:4:      layout_gridville, bloody_makhleb, lemuel_crystal_altar,
          kennysheep_mini, temple_green, lightli_sewer_entry_pipes,
          serial_shops, nicolae_square_shop, uniq_blork_the_orc, uniq_grinder

Skill      XL: |  1  2  3  4  5  6 |
---------------+-------------------+-----
Polearms       | 3 4 |  4.8
Armour         | 2 3 |  3.0
Fighting       | |  3.0
Dodging        | |  2.4
Stealth        | |  1.5

Action                   |  1- 3 |  4- 6 || total
-------------------------+-------+-------++-------
Melee: Spear             |   175 |    86 ||   261
       Punch             |     2 |       ||     2
  Use: Scroll            |       |     2 ||     2
 Stab: Sleeping          |    12 |     3 ||    15
       Distracted        |     1 |       ||     1
Armor: Robe              |    32 |       ||    32
       Leather armour    |       |    11 ||    11
Dodge: Dodged            |    87 |    23 ||   110
